 Seeded DCSS version 0.30.1-9-gdf580d7c3d (webtiles) character file.

Game seed: 11633723325983345501 (custom seed)

377 fireball365 the Chopper (level 6, -3/53 HPs)
             Began as a Hill Orc Fighter on Oct 14, 2023.
             Slain by a scorpion zombie (5 damage)
             ... on level 4 of the Dungeon.
             The game lasted 00:04:39 (2680 turns).

fireball365 the Chopper (Hill Orc Fighter)          Turns: 2680, Time: 00:04:40

Health: -3/53      AC:  8    Str: 21    XL:     6   Next: 73%
Magic:  6/6        EV:  7    Int:  3    God:
Gold:   244        SH: 12    Dex: 10    Spells: 5/5 levels left

rFire   + . .        a - +0 war axe
rCold   . . .        p - +0 tower shield
rNeg    . . .        b - +0 scale mail
rPois   .            (no helmet)
rElec   .            (no cloak)
rCorr   .            (no gloves)
SInv    +            g - +0 pair of boots
Will    ++...        (no amulet) Stlth
                     m - ring "Zavo Jae" {rF+ Will++ Int-5 SInv}
HPRegen 0.28/turn    (no ring)
MPRegen 0.10/turn

%: no passive effects
@: no status effects
A: no striking features
a: no special abilities


You were on level 4 of the Dungeon.
You visited 1 branch of the dungeon, and saw 4 of its levels.

You collected 244 gold pieces.

Inventory:

Hand Weapons
 a - a +0 war axe (weapon)
Missiles
 h - 6 javelins
 l - a throwing net (quivered)
Armour
 b - a +0 scale mail (worn)
 c - a +0 buckler
 g - a +0 pair of boots (worn)
 p - a +0 tower shield (worn)
Jewellery
 m - the ring "Zavo Jae" (left hand) {rF+ Will++ Int-5 SInv}
   (You took it off a kobold on level 2 of the Dungeon)

   [ring of protection from fire]

   Int:       It affects your intelligence (-5).
   rF:        It protects you from fire.
   SInv:      It lets you see invisible.
   Will:      It greatly increases your willpower.
Scrolls
 e - 3 scrolls of enchant armour {unknown}
 f - 2 scrolls of teleportation
 i - 2 scrolls of fear {unknown}
 q - a scroll of magic mapping {unknown}
 r - a scroll of immolation {unknown}
 s - a scroll of poison {unknown}
 u - a scroll of silence {unknown}
Potions
 d - 2 potions of might
 j - a potion of mutation {unknown}
 k - a potion of ambrosia {unknown}
 n - a potion of heal wounds
 o - a potion of degeneration {unknown}
 t - a potion of curing {unknown}
 v - a potion of cancellation {unknown}


   Skills:
 + Level 4.6 Fighting
 + Level 5.6 Axes
 + Level 5.1 Armour
 + Level 0.7 Dodging
 + Level 0.6 Stealth
 + Level 4.5 Shields


You had 5 spell levels left.
You didn't know any spells.
Your spell library contained the following spells:

 Spells                   Type           Power      Damage    Failure   Level
 Ensorcelled Hibernation  Hex/Ice        0%         N/A       100%        2
 Passwall                 Tmut/Erth      0%         N/A       100%        2
 Gell's Gravitas          Tloc           0%         N/A       100%        3
 Swiftness                Air            0%         N/A       100%        3
 Teleport Other           Tloc           0%         N/A       100%        3
 Summon Ice Beast         Ice/Summ       0%         N/A       100%        4
 Summon Mana Viper        Hex/Summ       0%         N/A       100%        5
 Dispersal                Tloc           0%         N/A       100%        6
 Monstrous Menagerie      Summ           0%         N/A       100%        7


Dungeon Overview and Level Annotations

Branches:
Dungeon (4/15)
 Temple: D:4-7

Altars:


Message History

You hit the scorpion zombie.
The scorpion zombie is lightly damaged.
You block the scorpion zombie's attack.
You barely miss the scorpion zombie.
The scorpion zombie is lightly damaged.
You hit the scorpion zombie. The scorpion zombie closely misses you.
You block the scorpion zombie's attack. The scorpion zombie barely misses you.
The scorpion zombie hits you.
* * * LOW HITPOINT WARNING * * *
You slash the scorpion zombie!
The scorpion zombie is heavily damaged.
You slash the adder skeleton! You slash the scorpion zombie!
The adder skeleton bites you but does no damage.
You block the scorpion zombie's attack.
The scorpion zombie hits you but does no damage.
The adder skeleton bites you but does no damage.
You slash the scorpion zombie!
The scorpion zombie is severely damaged.
You completely miss the adder skeleton. You hit the scorpion zombie.
You block the scorpion zombie's attack.
The scorpion zombie hits you but does no damage.
The adder skeleton bites you.
* * * LOW HITPOINT WARNING * * *
The scorpion zombie hits you.
* * * LOW HITPOINT WARNING * * *
The scorpion zombie hits you but does no damage.
The adder skeleton bites you but does no damage.
You slash the scorpion zombie!
The scorpion zombie is almost destroyed.
You slash the adder skeleton!
You destroy the adder skeleton!
You hit the scorpion zombie.
The scorpion zombie completely misses you.
The scorpion zombie hits you.
* * * LOW HITPOINT WARNING * * *
You slash the scorpion zombie!
You destroy the scorpion zombie!
You slash the scorpion zombie! You block the scorpion zombie's attack.
The scorpion zombie hits you.
You die...

#..####..... ...P.P~...#
#..##..#...#
....$.....###..#...#...#
............P..#>.##...#
............~..# #.....
........~~~~~.# ###.##†.
.........~~~.P# #.......
...8.....~~.~.###.###...
.(.....@........).......
......Z.###)..###....#..
#########............#..
#.....#.#....#..
#.....#.###...#.
#....... . ..#.##
#.........##...#
#.........##....


You could see a scorpion zombie.

Vanquished Creatures
  A phantom (D:4)
  A centaur zombie (D:4)
  A bullfrog skeleton (D:4)
  2 scorpion zombies (D:4)
  A hound zombie (D:4)
  A hound skeleton (D:4)
  2 howler monkey zombies (D:4)
  6 adders
  2 adder zombies (D:4)
  3 adder skeletons (D:4)
  3 worms
  A dart slug (D:1)
  3 orcs
  7 endoplasms
  4 giant cockroaches
  10 hobgoblins
  10 jackals
  8 ball pythons
  3 bats
  3 frilled lizards
  7 goblins
  8 kobolds
  6 rats
93 creatures vanquished.

Notes
Turn   | Place    | Note
-------+----------+-------------------------------------------
     0 | D:1      | fireball365 the Hill Orc Fighter began the quest for the
                  | Orb.
     0 | D:1      | Reached XP level 1. HP: 19/19 MP: 1/1
    95 | D:1      | Reached XP level 2. HP: 26/27 MP: 2/2
   407 | D:1      | Reached XP level 3. HP: 27/33 MP: 3/3
  1086 | D:2      | Reached XP level 4. HP: 15/40 MP: 4/4
  1474 | D:2      | Identified the ring "Zavo Jae" {rF+ Will++ Int-5 SInv}
  1909 | D:3      | Reached XP level 5. HP: 47/47 MP: 5/5
  2521 | D:4      | Noticed a phantom
  2549 | D:4      | Killed a phantom
  2550 | D:4      | Reached XP level 6. HP: 40/53 MP: 6/6
  2632 | D:4      | Reached skill level 5 in Axes
  2662 | D:4      | Reached skill level 5 in Armour
  2679 | D:4      | HP: 2/53 [scorpion zombie (4)]
  2680 | D:4      | Slain by a scorpion zombie

Illustrated notes

Levels and vault maps discovered:
D:1:      heliophobic_arrival_glass_houses, layout_basic,
          hangedman_abyss_or_decor_stabs, minmay_box_of_dots
D:2:      layout_basic
D:3:      layout_basic
D:4:      layout_basic, led_sif_pool, nicolae_xom_altar_mimics,
          minmay_temple_entry_poolview, serial_undead, serial_undead_a,
          serial_undead_f, serial_undead_e, serial_undead_d, serial_undead_d,
          serial_undead_f, grunt_ministairs_6, minmay_pentomino_pile

Skill      XL: |  1  2  3  4  5  6 |
---------------+-------------------+-----
Fighting       | 4 |  4.6
Axes           | 3 4 5 |  5.6
Armour         | 4 5 |  5.1
Shields        | 4 |  4.5
Dodging        | |  0.7
Stealth        | |  0.6

Action                     |  1- 3 |  4- 6 || total
---------------------------+-------+-------++-------
  Melee: War axe           |    97 |   156 ||   253
    Use: Scroll            |       |     2 ||     2
 Armour: Scale mail        |    47 |   125 ||   172
  Dodge: Dodged            |    54 |    84 ||   138
  Block: Buckler           |    17 |    27 ||    44
         Tower shield      |       |    96 ||    96
